 Dungeon Crawl Stone Soup version 0.29.1-12-g30fa7ad0bf (webtiles) character file.

Game seed: 4237283694430558457

14814 sanboga the Ripper (level 11, -5/85 HPs)
             Began as a Felid Berserker on Dec 24, 2022.
             Was a High Priest of Trog.
             Slain by a vault guard
             ... wielding a +0 war axe
              (16 damage)
             ... on level 13 of the Dungeon.
             The game lasted 00:20:02 (12411 turns).

sanboga the Ripper (Felid Berserker)               Turns: 12411, Time: 00:20:02

Health: -5/85      AC:  6    Str: 15    XL:     11   Next: 93%
Magic:  13/13      EV: 30    Int:  9    God:    Trog [*****.]
Gold:   789        SH:  0    Dex: 18    Spells: 10/10 levels left
                                        Lives:  0   Deaths: 3

rFire   . . .      SeeInvis +     - Unarmed
rCold   . . .      Faith    .   (shield unavailable)
rNeg    . . .      Spirit   .   (body armour unavailable)
rPois   .          Reflect  .   (helmet unavailable)
rElec   .          Harm     .   (cloak unavailable)
rCorr   .          Rampage  .   (gloves unavailable)
Will    ++...      Rage     3%  (boots unavailable)
Stlth   ..........              i - amulet of regeneration
HPRegen 1.04/turn               c - ring of willpower
MPRegen 0.13/turn               p - +4 ring of protection

@: berserking, studying 2 skills, very quick
A: very small, claws 1, fangs 3, see invisible, speed 1, shaggy fur 2, stealthy
paws, no weapons or thrown items, no armour, multi-lived, berserk 1, high MP 1,
sense surroundings 1
a: Renounce Religion, Berserk, Trog's Hand, Brothers in Arms


You were on level 13 of the Dungeon.
You worshipped Trog.
Trog was extremely pleased with you.
You visited 2 branches of the dungeon, and saw 14 of its levels.

You collected 879 gold pieces.
You spent 90 gold pieces at shops.

Inventory:

Jewellery
 c - a ring of willpower (left paw)
 i - an amulet of regeneration (around neck)
 m - a ring of flight
 p - a +4 ring of protection (right paw)
Wands
 j - a wand of mindburst (8)
 k - a wand of charming (15)
 u - a wand of roots (34)
Scrolls
 a - a scroll of identify
 f - a scroll of silence {unknown}
 h - 4 scrolls of teleportation
 l - a scroll of summoning
 n - a scroll of fear
 t - a scroll of blinking
Potions
 b - a potion of mutation
 d - a potion of invisibility
 e - 3 potions of lignification
 g - 7 potions of curing
 o - 2 potions of haste
 q - 4 potions of heal wounds
 r - 4 potions of resistance
 s - 3 potions of ambrosia
 w - a potion of cancellation
 x - 3 potions of might


   Skills:
 + Level 12.6 Fighting
 + Level 16.2 Dodging
 + Level 14.1 Stealth
 * Level 17.1 Unarmed Combat


You had 10 spell levels left.
You didn't know any spells.
Your spell library was empty.

Dungeon Overview and Level Annotations

Branches:
Dungeon (13/15)            Temple (1/1) D:4            Lair (0/5) D:9
    Orc (0/2) D:11         Vaults (0/5) D:13

Altars:
Dithmenos
Elyvilon
Fedhas
Hepliaklqana
Kikubaaqudgha
Makhleb
Ru
Sif Muna
Uskayaw
Vehumet
Wu Jian
Xom

Shops:
D:11 ?

Annotations:
D:11 3 runed translucent doors, Barsook's ghost, journeyman DsFi
D:12 4 transporters


Innate Abilities, Weirdness & Mutations

You have sharp claws.
You have razor-sharp teeth.
You have supernaturally acute eyesight. (SInv)
You cover ground quickly. (Speed+)
You are covered in thick fur. (AC +2)
Your paws help you pounce on unaware monsters.
You are incapable of wielding weapons or throwing items.
You cannot wear armour.
You gain extra lives every three experience levels.
You sometimes lose your temper in combat.
You have an increased reservoir of magic. (+10% MP)
You passively map a small area around you.


Message History

The gargoyle is lightly damaged.
The gargoyle hurls a stone arrow at you.
The stone arrow misses you.
You claw the gargoyle!
The gargoyle is moderately damaged.
The gargoyle closely misses you.
The vault guard shouts!
You scratch the gargoyle but do no damage.
You bite the gargoyle.
The gargoyle is moderately damaged.
You claw the gargoyle! Your bite misses the gargoyle.
The gargoyle is severely damaged.
The gargoyle hurls a stone arrow at you.
The stone arrow misses you.
You scratch the gargoyle but do no damage.
You bite the gargoyle, but do no damage.
The gargoyle is severely damaged.
You scratch the gargoyle but do no damage.
The gargoyle is severely damaged.
The gargoyle closely misses you.
You scratch the gargoyle. You bite the gargoyle.
The gargoyle is almost destroyed.
The gargoyle hits you with a +2 vorpal flail!!
You hear a shout!
You are too injured to fight recklessly!
A red film seems to cover your vision as you go berserk!
You feel yourself moving faster!
You feel mighty!
You hear a shout!
The gargoyle hits you with a +2 vorpal flail!
* * * LOW HITPOINT WARNING * * *
x2 You mangle the gargoyle!!
You destroy the gargoyle!
Trog accepts your kill.
You completely miss the vault guard. Your bite misses the vault guard.
The vault guard hits you with a +0 war axe!
* * * LOW HITPOINT WARNING * * *
You scratch the vault guard but do no damage.
The vault guard blocks your attack.
The vault guard hits you with a +0 war axe!
You die...

* ,* * * ##,
, ##., * , ,
* #.. , ..
#..## * .p.
#$..## ....
#)..## #....
* #@p.##
#.....
#############
##...###...#
............#
##...#...#*
#######^....#
##...#.# *
#.....#
##)..##
#####.#
##.(...#
#####.#
##...#...#*
#.....#
##...###...#
* #.#####
##...##
*#...#


You could see a vault guard.

Vanquished Creatures
  A hydra (D:11)
  3 vault guards (D:13)
  A catoblepas (D:13)
  4 centaur warriors (D:13)
  A death knight (D:13)
  A tengu warrior (D:13)
  2 two-headed ogres
  3 skeletal warriors (D:12)
  Pikel (D:4)
  A deep elf pyromancer (D:13)
  5 ugly things
  6 cyclopes
  3 manticores
  A gargoyle (D:13)
  2 unseen horrors
  Maggie (D:10)
  2 komodo dragons
  2 tengu conjurers (D:13)
  A kobold demonologist (D:13)
  3 trolls
  A troll (shapeshifter) (D:13)
  2 slime creatures (D:13)
  A hornet (D:8)
  A culicivora (shapeshifter) (D:13)
  2 shadows
  3 wraiths
  Eustachio (D:6)
  7 yaks
  3 wyverns
  3 steam dragons
  12 vampire mosquitoes
  2 acid dragons
  2 water moccasins
  2 orc warriors
  2 ice beasts (D:7)
  2 black bears
  A sky beast (D:7)
  12 centaurs
  A phantom (D:6)
  2 kobold brigands
  5 bullfrogs
  2 necrophages (D:6)
  3 scorpions
  12 wights
  5 killer bees
  4 howler monkeys
  A gnoll bouda (D:9)
  7 orc priests
  5 hounds
  A jelly (D:8)
  Ijyb (D:4)
  Natasha (thrice) (D:4)
  5 iguanas
  8 orc wizards
  3 gnolls (D:9)
  7 adders
  A white imp (D:7)
  3 ufetubi (D:5)
  5 worms
  2 dart slugs
  63 orcs
  5 bats
  5 endoplasms
  5 giant cockroaches
  8 hobgoblins
  7 jackals (D:3)
  4 quokkas
  4 ball pythons
  5 frilled lizards
  12 goblins
  13 kobolds
  8 rats
  A spectral hobgoblin (D:5)
329 creatures vanquished.

Notes
Turn   | Place    | Note
-------+----------+-------------------------------------------
     0 | D:1      | sanboga the Felid Berserker began the quest for the Orb.
     0 | D:1      | Reached XP level 1. HP: 10/10 MP: 2/2
   443 | D:1      | Reached skill level 1 in Stealth
   443 | D:1      | Reached XP level 2. HP: 14/14 MP: 3/3
   922 | D:2      | Reached XP level 3. HP: 9/17 MP: 4/4
  1215 | D:2      | Reached ** piety under Trog
  1838 | D:2      | Reached XP level 4. HP: 18/21 MP: 5/5
  2302 | D:3      | Found a faded altar of an unknown god.
  2356 | D:3      | Reached skill level 4 in Unarmed Combat
  2430 | D:3      | Identified the +3 spear "Yletsehoqi" {vorpal, Int+2}
  2583 | D:3      | HP: 1/21 [orc priest/divine providence (12)]
  2587 | D:3      | Reached skill level 5 in Dodging
  2587 | D:3      | Reached XP level 5. HP: 4/25 MP: 6/6
  2846 | D:4      | Noticed Natasha
  2852 | D:4      | Killed Natasha
  2889 | D:4      | Noticed Ijyb
  2893 | D:4      | Killed Ijyb
  2923 | D:4      | Noticed a lemure
  2924 | D:4      | Noticed a lemure
  2924 | D:4      | You are sucked into a shaft and drop 2 floors!
  2934 | D:6      | Noticed Eustachio
  2948 | D:6      | Gained mutation: You are covered in thick fur. (AC +2)
                  | [Felid growth]
  2948 | D:6      | Reached XP level 6. HP: 19/28 MP: 7/7
  2975 | D:6      | HP: 2/42 [river rat[Eustachio] (5)]
  2983 | D:6      | Killed Eustachio
  2983 | D:6      | Reached *** piety under Trog
  2984 | D:6      | Reached skill level 5 in Unarmed Combat
  3157 | D:6      | Reached XP level 7. HP: 16/33 MP: 8/8
  3236 | D:6      | Noticed a steam dragon
  3246 | D:6      | Killed a steam dragon
  3365 | D:5      | Entered Level 5 of the Dungeon
  3516 | D:4      | Noticed Natasha
  3524 | D:4      | Killed Natasha
  3525 | D:4      | Reached skill level 5 in Stealth
  3536 | D:4      | Reached skill level 6 in Unarmed Combat
  3543 | D:4      | Found a staircase to the Ecumenical Temple.
  3599 | D:4      | Noticed Pikel
  3613 | D:4      | Killed Pikel
  3614 | D:4      | Reached skill level 5 in Fighting
  3614 | D:4      | Reached XP level 8. HP: 28/37 MP: 9/9
  3629 | D:4      | Noticed Natasha
  3638 | D:4      | Killed Natasha
  3847 | Temple   | Entered the Ecumenical Temple
  3880 | D:5      | Found a hazy altar of Hepliaklqana.
  4086 | D:5      | Reached skill level 7 in Unarmed Combat
  4210 | D:5      | Found a radiant altar of Vehumet.
  5127 | D:6      | Reached skill level 8 in Unarmed Combat
  5130 | D:6      | Reached XP level 9. HP: 41/41 MP: 10/10
  5879 | D:7      | Found a shadowy altar of Dithmenos.
  6048 | D:7      | Reached skill level 9 in Unarmed Combat
  6085 | D:7      | Identified the +7 rapier of Ravage {venom, rC- Dex+4
                  | Stlth+}
  6141 | D:7      | Reached **** piety under Trog
  6263 | D:7      | HP: 2/63 [orc/+0 hand axe (7)]
  6264 | D:7      | Succumbed to an orc's poison
  6265 | D:7      | Reached XP level 8. HP: 0/58 MP: 9/9
  6726 | D:8      | Reached XP level 9. HP: 24/43 MP: 10/10
  6853 | D:8      | Noticed a two-headed ogre
  6863 | D:8      | Killed a two-headed ogre
  6956 | D:8      | Noticed a komodo dragon
  6965 | D:8      | Killed a komodo dragon
  6966 | D:8      | Reached skill level 10 in Unarmed Combat
  7214 | D:8      | Reached skill level 10 in Dodging
  7224 | D:8      | Reached XP level 10. HP: 33/48 MP: 11/11
  7327 | D:8      | Noticed a cyclops
  7334 | D:8      | Killed a cyclops
  7335 | D:8      | Reached skill level 10 in Stealth
  7426 | D:9      | Identified 3 scrolls of acquirement
  7426 | D:9      | Acquired a manual of Unarmed Combat
  7506 | D:9      | Acquired a manual of Fighting
  7508 | D:9      | Acquired a manual of Dodging
  7555 | D:9      | Reached skill level 11 in Unarmed Combat
  7612 | D:9      | Found a staircase to the Lair.
  7650 | D:9      | Found a shimmering blue altar of Sif Muna.
  7650 | D:9      | Found a white marble altar of Elyvilon.
  7657 | D:9      | Found an ornate altar of the Wu Jian Council.
  7660 | D:9      | Found a burning altar of Makhleb.
  7662 | D:9      | Found a sacrificial altar of Ru.
  7667 | D:9      | Found a blossoming altar of Fedhas.
  7842 | D:9      | Noticed a two-headed ogre
  7849 | D:9      | Killed a two-headed ogre
  8029 | D:9      | Identified the +1 leather armour of Ethereal the Good {rC+
                  | Str+5}
  8046 | D:9      | Found an ancient bone altar of Kikubaaqudgha.
  8104 | D:9      | Found a hide-covered altar of Uskayaw.
  8104 | D:9      | Found a shimmering altar of Xom.
  8159 | D:10     | Entered Level 10 of the Dungeon
  8203 | D:10     | Noticed a cyclops
  8213 | D:10     | Killed a cyclops
  8214 | D:10     | Reached skill level 12 in Unarmed Combat
  8414 | D:10     | Reached XP level 11. HP: 52/53 MP: 12/12
  8474 | D:10     | Reached ***** piety under Trog
  8829 | D:10     | Noticed Maggie
  8831 | D:10     | Killed Maggie
  9034 | D:11     | Found Susuc's Magic Scroll Boutique.
  9040 | D:11     | Bought a scroll of blinking for 90 gold pieces
  9190 | D:11     | Reached skill level 13 in Unarmed Combat
  9208 | D:11     | Found a staircase to the Orcish Mines.
  9694 | D:11     | Noticed Barsook's ghost (journeyman DsFi)
  9695 | D:11     | Found a runed translucent gate.
  9695 | D:11     | Found a runed translucent gate.
  9695 | D:11     | Found a runed translucent gate.
  9695 | D:11     | Noticed a nine-headed hydra
  9696 | D:11     | Noticed a six-headed hydra
  9699 | D:11     | Killed a six-headed hydra
  9847 | D:12     | Found a transporter.
  9866 | D:12     | Found a transporter.
  9880 | D:12     | Found a transporter.
  9887 | D:12     | Noticed a white ugly thing
  9892 | D:12     | HP: 2/81 [white ugly thing (13)]
  9894 | D:12     | Killed a white ugly thing
  9895 | D:12     | Reached skill level 10 in Fighting
  9899 | D:12     | Shot with an arrow by a centaur
  9900 | D:12     | Reached XP level 10. HP: -9/76 MP: 11/11
  9910 | D:12     | Noticed a manticore
  9915 | D:12     | Killed a manticore
 10030 | D:12     | Noticed a cyclops
 10037 | D:12     | Killed a cyclops
 10038 | D:12     | Reached skill level 14 in Unarmed Combat
 10088 | D:12     | Found a transporter.
 10527 | D:13     | Noticed a green ugly thing
 10540 | D:13     | Killed a green ugly thing
 10592 | D:13     | Noticed a deep elf pyromancer
 10599 | D:13     | Killed a deep elf pyromancer
 10600 | D:13     | Reached XP level 11. HP: 55/55 MP: 12/12
 10644 | D:13     | Noticed a skeletal warrior
 10645 | D:13     | Noticed a skeletal warrior
 10645 | D:13     | Noticed a skeletal warrior
 10681 | D:12     | Killed a skeletal warrior
 10860 | D:13     | Noticed a vault guard
 10861 | D:13     | Noticed a centaur warrior
 10862 | D:13     | Noticed a centaur warrior
 10862 | D:13     | Noticed a vault guard
 10862 | D:13     | Noticed a catoblepas
 10863 | D:13     | Noticed a vault guard
 10980 | D:12     | Gained mutation: You sometimes lose your temper in combat.
                  | [potion of mutation]
 10980 | D:12     | Gained mutation: You have an increased reservoir of magic.
                  | (+10% MP) [potion of mutation]
 10980 | D:12     | Gained mutation: You passively map a small area around you.
                  | [potion of mutation]
 10989 | D:12     | HP: 1/82 [skeletal warrior/+0 long sword (21)]
 10990 | D:12     | Killed a skeletal warrior
 10991 | D:12     | Reached skill level 15 in Unarmed Combat
 11040 | D:13     | Noticed a vault guard
 11063 | D:12     | Killed a skeletal warrior
 11121 | D:13     | Killed a vault guard
 11166 | D:13     | Killed a centaur warrior
 11219 | D:13     | Killed a catoblepas
 11247 | D:13     | Noticed a centaur warrior
 11383 | D:13     | Killed a centaur warrior
 11425 | D:13     | Mangled by a vault guard
 11426 | D:13     | Reached XP level 10. HP: -7/52 MP: 12/12
 11443 | D:13     | Noticed a brown ugly thing
 11448 | D:13     | Killed a brown ugly thing
 11534 | D:13     | Killed a vault guard
 11540 | D:13     | Reached skill level 15 in Dodging
 11540 | D:13     | Reached skill level 16 in Unarmed Combat
 11545 | D:13     | Noticed a manticore
 11564 | D:13     | Noticed a cyclops
 11571 | D:13     | Killed a cyclops
 11572 | D:13     | Reached XP level 11. HP: 57/57 MP: 13/13
 11629 | D:13     | Killed a centaur warrior
 11659 | D:13     | Found a gate to the Vaults.
 11817 | D:13     | Noticed a centaur warrior
 11824 | D:13     | Killed a centaur warrior
 11831 | D:13     | Noticed a red ugly thing
 11831 | D:13     | Noticed a green ugly thing
 11942 | D:13     | Killed a vault guard
 12039 | D:13     | Noticed a tengu warrior
 12056 | D:12     | Killed a red ugly thing
 12202 | D:12     | Killed a red ugly thing
 12203 | D:12     | Reached skill level 17 in Unarmed Combat
 12269 | D:13     | Killed a tengu warrior
 12322 | D:13     | Noticed a death knight
 12345 | D:13     | Killed a death knight
 12411 | D:13     | Slain by a vault guard

Illustrated notes

Levels and vault maps discovered:
D:1:      elethiomel_arrival_quiet, layout_basic, minmay_stone_trees_medium
D:2:      minmay_inner_zag, layout_basic
D:3:      layout_rooms, shapermc_ecumenical_altar_notcrosses,
          hangedman_decor_clover_reticule, interstate_on_off
D:4:      layout_cave_pools, minmay_temple_entry_statues_pillars, uniq_pikel,
          uniq_ijyb, uniq_natasha
D:5:      layout_loops_corners, mainiacjoe_overflow_alcove_1,
          nicolae_hepliaklqana_monster_ancestors, serial_rivers,
          chequers_serial_rivers_small_3, chequers_serial_rivers_room_b,
          chequers_serial_rivers_micro_a, chequers_serial_rivers_micro_d,
          chequers_serial_rivers_small_b
D:6:      layout_loops_corners, uniq_eustachio
D:7:      layout_gridville, grunt_dithmenos_smoke, minmay_joined_circles
D:8:      minmay_spotlight, layout_rooms
D:9:      layout_rooms, kiku_gazebo_garden_becter,
          nicolae_overflow_hallway_of_the_gods, mainiacjoe_overflow_divided_tiny
D:10:     layout_gridville, uniq_maggie
D:11:     layout_loops_ring, hiddenorc2_lemuel, gammafunk_ghost_hydra_chop,
          serial_shops, shop
D:12:     layout_layer_cave, grunt_decor_mini_mirrors,
          nicolae_transporter_intersection
D:13:     evilmike_diamond_1, layout_basic, lightli_vaults_fourway_checkpoint
Temple:   hellmonk_temple_flake

Skill      XL: |  1  2  3  4  5  6  7  8  9 10 11 |
---------------+----------------------------------+-----
Stealth        | 1 2 3 4 6 7 9 11 14 | 14.1
Unarmed Combat | 4 5 6 8 10 16 17 | 17.1
Dodging        | 5 6 7 8 10 15 16 | 16.2
Fighting       | 4 5 7 9 12 | 12.6

Action                   |  1- 3 |  4- 6 |  7- 9 | 10-12 || total
-------------------------+-------+-------+-------+-------++-------
Melee: Unarmed           |   104 |   162 |   323 |   481 ||  1070
       Bite              |     5 |    15 |    34 |    76 ||   130
       Punch             |     1 |     2 |    24 |    49 ||    76
Invok: Berserk           |       |     1 |    12 |    26 ||    39
  Use: Scroll            |       |     5 |     3 |    22 ||    30
       Potion            |       |       |       |     3 ||     3
 Stab: Sleeping          |    13 |     5 |    13 |    25 ||    56
Armor: Skin              |     4 |     5 |    11 |    23 ||    43
Dodge: Dodged            |    55 |   141 |   343 |   423 ||   962
